 Dungeon Crawl Stone Soup version 0.27-a0-457-gba82baf56e (webtiles) character file.

Game seed: 11798228770670291445

8 Chiseanne the Skirmisher (level 2, 22/25 HPs)
             Began as a Demonspawn Wanderer on Feb 28, 2021.
             Quit the game on level 1 of the Dungeon.
             The game lasted 00:00:26 (289 turns).

Chiseanne the Skirmisher (Demonspawn Wanderer)       Turns: 289, Time: 00:00:27

Health: 22/25      AC:  5    Str: 10    XL:     2   Next: 0%
Magic:  2/2        EV: 10    Int: 15    God:
Gold:   0          SH:  0    Dex: 12    Spells: 1/1 levels left

rFire    . . .     SeeInvis .   a - +2 short sword
rCold    . . .     Faith    .   (no shield)
rNeg     . . .     Spirit   .   e - +0 ring mail
rPois    .         Reflect  .   (no helmet)
rElec    .         Harm     .   (no cloak)
rCorr    .         Rampage  .   (no gloves)
Will     .....                  (no boots)
Stlth    +.........             (no amulet)
HPRegen  0.08/turn              (no ring)
MPRegen  0.08/turn              (no ring)

@: no status effects
A: claws 1
a: no special abilities


You were on level 1 of the Dungeon.
You visited 1 branch of the dungeon, and saw 1 of its levels.

Inventory:

Hand Weapons
 a - a +2 short sword (weapon)
Armour
 e - a +0 ring mail (worn)
Scrolls
 d - a scroll of identify {unknown}
 f - 3 scrolls of teleportation {unknown}
Potions
 b - 2 potions of lignification
 c - a potion of brilliance {unknown}


   Skills:
 * Level 4.1 Fighting
 - Level 1.7 Short Blades
 * Level 0.4 Armour
 * Level 2.1 Dodging
 - Level 1.7 Shields


You had one spell level left.
You didn't know any spells.
Your spell library was empty.

Dungeon Overview and Level Annotations

Branches:
Dungeon (1/15)

Altars:


Innate Abilities, Weirdness & Mutations

You have sharp fingernails.


Message History

You hit the jackal.
You kill the jackal!
No target in view!
No target in view!
No target in view!
No target in view!
No target in view!
No target in view!
No target in view!
No target in view!
No target in view!
No target in view!
No target in view!
No target in view!
No target in view!
No target in view!
No target in view!
c - a fuming sapphire potion You see here a jackal corpse.
f - 3 scrolls labelled TANKEQ RIESED A giant cockroach comes into view.
Found 15 poisoned darts.
The giant cockroach closely misses you.
You completely miss the giant cockroach.
The giant cockroach bites you.
You hit the giant cockroach.
The giant cockroach is moderately wounded.
The giant cockroach closely misses you.
You hit the giant cockroach.
The giant cockroach is almost dead.
The giant cockroach bites you.
You closely miss the giant cockroach.
The giant cockroach is almost dead.
The giant cockroach bites you but does no damage.
You hit the giant cockroach.
You kill the giant cockroach!
You have reached level 2!
Your demonic ancestry asserts itself...
Your fingernails lengthen.
Are you sure you want to abandon this character and quit the game? (Confirm with "yes".)

+.......†.....# .#
#...#########.####.###..
≈...# #............
♣≈### ####........# ≈##
#............# #
#............# #
#............# #
#.....#..######.# #
######...@....... ##
#....?...... ≈##
#........... P≈#
#.......(... ≈##
#........... ##
#........... #
#...........
#...........


There were no monsters in sight!

Vanquished Creatures
  A giant cockroach (D:1)
  3 goblins (D:1)
  2 jackals (D:1)
  A ball python (D:1)
7 creatures vanquished.

Vanquished Creatures (others)
  4 toadstools (D:1)
4 creatures vanquished.

Grand Total: 11 creatures vanquished

Notes
Turn   | Place    | Note
-------+----------+-------------------------------------------
     0 | D:1      | Chiseanne the Demonspawn Wanderer began the quest for the
                  | Orb.
     0 | D:1      | Chiseanne set off with the following items: a +2 short
                  | sword, 2 potions of lignification, a +0 robe
     0 | D:1      | Reached XP level 1. HP: 19/19 MP: 1/1
   289 | D:1      | Gained mutation: You have sharp fingernails. [demonic
                  | ancestry]
   289 | D:1      | Reached XP level 2. HP: 22/25 MP: 2/2
   289 | D:1      | Quit the game

Illustrated notes

Levels and vault maps discovered:
D:1:      ldierk_water_garden, layout_basic

Skill      XL: |  1 |
---------------+----+-----
Dodging        | 2 |  2.1
Fighting       | |  4.1
Short Blades   | |  1.7
Armour         | |  0.4
Shields        | |  1.7

Action                   || total
-------------------------++-------
Melee: Short sword       ||    27
Armor: Ring mail         ||     4
Dodge: Dodged            ||    16

Table legend: (Time is in decaauts)
 A = Elapsed time spent in this place.
 B = Non-inter-level travel time spent in this place.
 C = Inter-level travel time spent in this place.
 D = Time resting spent in this place.
 E = Time spent auto-exploring this place.
 F = Levels seen in this place.
 G = Mean time per level.
                   A        B        C        D        E       F      G
               +--------+--------+--------+--------+--------+-----+--------+
         Total |    290 |    290 |      0 |      0 |    225 |   1 |  290.0 |
       Dungeon |    290 |    290 |      0 |      0 |    225 |   1 |  290.0 |
               +--------+--------+--------+--------+--------+-----+--------+

Top non-repeatable levels by time:
     D:1: 290 daAuts
